 Dungeon Crawl Stone Soup version 0.25.0-15-gac7dcb8919 (webtiles) character file.

Game seed: 6401853446013049696

33 Esekla the Grave Robber (level 3, 0/26 HPs)
             Began as a Barachi Necromancer on June 28, 2020.
             Succumbed to an adder's poison
             ... on level 2 of the Dungeon.
             The game lasted 00:06:45 (1352 turns).

Esekla the Grave Robber (Barachi Necromancer)       Turns: 1352, Time: 00:06:45

Health: 0/26       AC:  2    Str:  9    XL:     3   Next: 29%
Magic:  2/7        EV: 12    Int: 16    God:
Gold:   0          SH:  0    Dex: 12    Spells: 3/7 levels left

rFire    . . .     SeeInvis .   b - +0 short sword
rCold    . . .     Gourm    .   (no shield)
rNeg     . . .     Faith    .   a - +0 robe
rPois    .         Spirit   .   (no helmet)
rElec    .         Reflect  .   (no cloak)
rCorr    .         Harm     .   (no gloves)
MR       .....                  (no boots)
Stlth    ++........             (no amulet)
HPRegen  0.08/turn              (no ring)
MPRegen  0.10/turn              (no ring)

@: lethally poisoned (0 -> -6), berserk cooldown, stab, very slightly
contaminated, slowed, very slow
A: +LOS, swims, slowness 1, strong legs 1
a: Hop


You were on level 2 of the Dungeon.
You were very hungry.

You visited 1 branch of the dungeon, and saw 2 of its levels.

Inventory:

Hand Weapons
 b - a +0 short sword (weapon)
Missiles
 e - 13 poisoned darts (quivered)
Armour
 a - a +0 robe (worn)
Potions
 d - a potion of stabbing
 g - a potion of magic {unknown}
Comestibles
 c - 3 rations


   Skills:
 * Level 1.1 Fighting
 + Level 0.6 Short Blades
 + Level 2.2 Dodging
 - Level 1.7 Stealth
 * Level 2.8 Spellcasting
 + Level 4.0 Necromancy


You had 3 spell levels left.
You knew the following spells:

 Your Spells              Type           Power        Failure   Level  Hunger
a - Pain                  Necr           ###.         3%          1    #......
d - Vampiric Draining     Necr           ###.......   11%         3    ###....

Your spell library contained the following spells:

 Spells                   Type           Power        Failure   Level  Hunger
 Animate Skeleton         Necr           N/A          3%          1    #......
 Animate Dead             Necr           N/A          34%         4    #####..
 Agony                    Necr           ###.....     69%         5    ######.


Dungeon Overview and Level Annotations

Branches:
Dungeon (2/15)

Altars:
Okawaru


Innate Abilities, Weirdness & Mutations

You can be seen from farther away. (+LOS)
You can swim through water.
You cover ground slowly.
You can hop short distances.


Message History

* * * LOW HITPOINT WARNING * * *
You feel sick.
You are no longer berserk.
You are exhausted.
You feel yourself slow down.
* * * LOW HITPOINT WARNING * * *
You feel sick.
You are feeling very hungry.
You completely miss the rat.
* * * LOW HITPOINT WARNING * * *
You feel sick. The rat completely misses you. The rat barely misses you.
You closely miss the rat.
* * * LOW HITPOINT WARNING * * *
You feel sick. The rat closely misses you.
You barely miss the rat. The rat barely misses you. x2
You barely miss the rat.
* * * LOW HITPOINT WARNING * * *
You feel sick. The rat misses you.
You closely miss the rat.
You die...

########
######......###
#.............##
#####<.........###
#.............
#..........###
#...........# #
#.@.......S.# #
#.r........... .
#..........##.
#..........#
#..........#
#..........## .
..##.........## ..
......... ..###
... ..##.##.. ...


You could see an adder (wandering) and a rat.

Vanquished Creatures
  An adder (D:2)
  A worm (D:2)
  A dart slug (D:1)
  A leopard gecko (D:1)
  2 goblins
  A hobgoblin (D:1)
  2 jackals (D:1)
  3 kobolds
  A bat (D:2)
  4 rats
17 creatures vanquished.

Notes
Turn   | Place    | Note
-------+----------+-------------------------------------------
     0 | D:1      | Esekla the Barachi Necromancer began the quest for the Orb.
     0 | D:1      | Reached XP level 1. HP: 13/13 MP: 3/3
   352 | D:1      | Reached XP level 2. HP: 19/20 MP: 1/5
   393 | D:2      | Found an iron altar of Okawaru.
   934 | D:1      | Reached skill level 4 in Necromancy
  1027 | D:2      | HP: 1/20 [worm (3)]
  1028 | D:2      | Reached skill level 1 in Fighting
  1028 | D:2      | Reached XP level 3. HP: 1/26 MP: 0/7
  1034 | D:2      | Learned a level 3 spell: Vampiric Draining
  1349 | D:2      | HP: 1/26 [poisoned by an adder]
  1352 | D:2      | Succumbed to an adder's poison

Illustrated notes

Levels and vault maps discovered:
D:1:      minmay_arrival_jagged, layout_basic
D:2:      layout_rooms, okawaru_gym_becter

Skill      XL: |  1  2 |
---------------+-------+-----
Necromancy     | 4 |  4.0
Fighting       | 1 |  1.1
Short Blades   | |  0.6
Dodging        | |  2.2
Stealth        | |  1.7
Spellcasting   | |  2.8

Action                   || total
-------------------------++-------
Melee: Short sword       ||    30
 Cast: Pain              ||    27
       Vampiric Draining ||     1
  Use: Potion            ||     2
       Scroll            ||     1
  Eat: Chunk             ||     1
Armor: Robe              ||     8
Dodge: Dodged            ||    26
